 Dungeon Crawl Stone Soup version 0.25.1-2-g60ff931df9 (webtiles) character file.

Game seed: 10075056604508937902

777 H0rd4k the Insei (level 7, -8/44 HPs)
             Began as an Octopode Transmuter on Aug 27, 2020.
             Mangled by an ogre
             ... wielding a +0 giant club
              (17 damage)
             ... on level 5 of the Dungeon.
             The game lasted 00:06:31 (4976 turns).

H0rd4k the Insei (Octopode Transmuter)              Turns: 4976, Time: 00:06:32

Health: -8/44      AC:  1    Str:  9    XL:     7   Next: 84%
Magic:  12/12      EV: 14    Int: 17    God:
Gold:   262        SH:  0    Dex: 13    Spells: 7/13 levels left

rFire    . . .     SeeInvis .     - Unarmed
rCold    . . .     Gourm    .   (no shield)
rNeg     . . .     Faith    .   (helmet restricted)
rPois    .         Spirit   .   k - amulet of regeneration
rElec    .         Reflect  .   (no ring)
rCorr    .         Harm     .   (no ring)
MR       .....                  (no ring)
Stlth    ++++......             (no ring)
HPRegen  0.54/turn              (no ring)
MPRegen  0.13/turn              (no ring)
                                (no ring)
                                (no ring)

@: no status effects
A: almost no armour, stealthy swim, amphibious, 8 rings, constrict 8, camouflage
1, gelatinous body 1
a: no special abilities


You were on level 5 of the Dungeon.
You were not hungry.

You visited 1 branch of the dungeon, and saw 5 of its levels.

You collected 262 gold pieces.

Inventory:

Missiles
 a - 12 arrows
 h - 12 poisoned darts (quivered)
Jewellery
 k - an amulet of regeneration (around mantle)
Wands
 t - a wand of disintegration (7)
Scrolls
 e - 3 scrolls of identify
 i - 6 scrolls of remove curse {unknown}
 j - 2 scrolls of enchant weapon {unknown}
 n - a scroll of noise {unknown}
 o - 2 scrolls of amnesia {unknown}
 p - a scroll of enchant armour {unknown}
 r - 2 scrolls of teleportation {unknown}
 s - a scroll of blinking {unknown}
 y - a scroll of fear {unknown}
Potions
 b - 3 potions of haste
 f - a potion of ambrosia
 g - a potion of heal wounds
 l - a potion of berserk rage {unknown}
 m - a potion of brilliance {unknown}
 q - 2 potions of curing {unknown}
 u - a potion of might {unknown}
 v - a potion of resistance {unknown}
 w - 2 potions of flight {unknown}
 x - a potion of stabbing {unknown}
Comestibles
 c - 9 rations
 d - a chunk of flesh


   Skills:
 + Level 1.9 Fighting
 + Level 3.2 Dodging
 + Level 5.1 Stealth
 + Level 5.5 Unarmed Combat
 * Level 3.6 Spellcasting
 * Level 4.0 Transmutations
 + Level 0.4 Evocations


You had 7 spell levels left.
You knew the following spells:

 Your Spells              Type           Power        Failure   Level  Hunger
a - Beastly Appendage     Tmut           ###...       3%          1    None
b - Sticks to Snakes      Tmut           ###.....     4%          2    ##.....
c - Spider Form           Tmut/Pois      #.........   22%         3    ###....

Your spell library contained the following spells:

 Spells                   Type           Power        Failure   Level  Hunger
 Ice Form                 Ice/Tmut       #.......     56%         4    ####...
 Blade Hands              Tmut           ###.......   65%         5    ######.


Dungeon Overview and Level Annotations

Branches:
Dungeon (5/15)
 Temple: D:4-7

Altars:
Fedhas
Trog
Wu Jian

Shops:
D:4 }

Annotations:
D:3 exclusion: 2 downstairs


Innate Abilities, Weirdness & Mutations

You cannot wear most types of armour.
You are very stealthy in the water. (Stealth+)
You are amphibious.
You can wear up to eight rings at the same time.
You can use your tentacles to constrict eight enemies at once.
Your skin changes colour to match your surroundings (Stealth+).
Your rubbery body absorbs attacks. (AC +1, EV +1)


Message History

The orc wizard hits you with a +0 dagger.
You closely miss the orc wizard. You grab the orc wizard.
You tentacle-slap the orc wizard.
The orc wizard is severely wounded.
You constrict the orc wizard, but do no damage.
The orc wizard misses you.
The orc wizard points at you and mumbles some strange words.
The puff of flame misses you.
The orc wizard casts a spell.
The orc wizard flickers and vanishes!
Deactivating autopickup; reactivate with Ctrl-A.
As you read the scroll labeled IPPUIT KOYNOTU, it crumbles to dust.
It is a scroll of identify.
f - a potion of ambrosia You constrict the orc wizard.
The orc wizard points at you and mumbles some strange words.
The puff of flame hits you.
* * * LOW HITPOINT WARNING * * *
The ogre hits you with a +0 giant club!
You die...

##......## #..#######....##
##.......# #.##.........#
.........# #............#
.........#
#######..###########
...................##
.................>.##
...........#######..#
..........########..#
..........##...o@##.####
.............###oO.....###.
.............#.#oZ.........
>...... ...###.#'#........#
....... .. #..:{.#........#
....... . ###.###........#
....... #.#..........#
...... ###...........
....## ..............


You could see an ogre, 3 orc wizards and an adder zombie.

Vanquished Creatures
  A sky beast (D:5)
  Purgy (D:3)
  An ogre (D:4)
  A crimson imp (D:5)
  An orc priest (D:4)
  2 hounds (D:4)
  An iguana (D:5)
  4 orc wizards (D:4)
  A worker ant (D:5)
  3 gnolls (D:4)
  6 adders
  3 oozes
  An adder zombie (D:5)
  3 worms
  A dart slug (D:1)
  4 leopard geckos
  10 orcs
  5 giant cockroaches
  6 goblins
  5 hobgoblins
  6 jackals
  7 kobolds
  4 quokkas
  A ball python (D:3)
  A ball python zombie (D:5)
  11 bats
  5 frilled lizards
  A leopard gecko zombie (D:5)
  6 rats
102 creatures vanquished.

Vanquished Creatures (others)
  An orc wizard (D:4)
1 creature vanquished.

Grand Total: 103 creatures vanquished

Notes
Turn   | Place    | Note
-------+----------+-------------------------------------------
     0 | D:1      | H0rd4k the Octopode Transmuter began the quest for the Orb.
     0 | D:1      | Reached XP level 1. HP: 13/13 MP: 3/3
   388 | D:1      | Reached XP level 2. HP: 17/18 MP: 5/5
   921 | D:1      | Reached XP level 3. HP: 23/23 MP: 6/6
  1807 | D:1      | Learned a level 2 spell: Sticks to Snakes
  1811 | D:1      | Learned a level 3 spell: Spider Form
  1997 | D:2      | Reached skill level 1 in Stealth
  2031 | D:2      | Found a faded altar of an unknown god.
  2040 | D:2      | Reached XP level 4. HP: 22/28 MP: 5/7
  2873 | D:3      | Found an ornate altar of the Wu Jian Council.
  3067 | D:3      | Noticed Purgy
  3112 | D:3      | Killed Purgy
  3112 | D:3      | Reached XP level 5. HP: 25/33 MP: 7/9
  3330 | D:4      | Reached XP level 6. HP: 38/38 MP: 8/10
  3492 | D:4      | Found Uninnia's Gadget Shoppe.
  3744 | D:4      | Reached XP level 7. HP: 44/44 MP: 7/11
  3854 | D:4      | Found a blossoming altar of Fedhas.
  3979 | D:4      | Reached skill level 5 in Unarmed Combat
  4158 | D:4      | Found a bloodstained altar of Trog.
  4255 | D:5      | Entered Level 5 of the Dungeon
  4785 | D:5      | Reached skill level 5 in Stealth
  4976 | D:5      | Mangled by an ogre

Illustrated notes

Levels and vault maps discovered:
D:1:      minmay_arrival_glassed_features, layout_loops_ring,
          serial_co_window_serial, co_window_paths_b, co_window_paths_a,
          co_window_paths_a, co_window_corner_a, co_window_of_opportunity_a,
          co_window_broadway_a, co_window_2corner, co_window_cross_2,
          co_window_2corner, co_window_corner_ca, co_window_4corner_b,
          glass_columns_b, item_on_display_a
D:2:      layout_loops_cross, first_ration, chequers_ecumenical_altar_island
D:3:      layout_basic, overflow_temple_1_default, minmay_misc_feat_rugged,
          uniq_purgy
D:4:      layout_gridville, marbit_many_paths, serial_shops, shop,
          trog_butcher_becter
D:5:      layout_layer_cave, minmay_a_box_with_orc_wizards_in_it

Skill      XL: |  1  2  3  4  5  6  7 |
---------------+----------------------+-----
Stealth        | 1 3 4 5 |  5.1
Unarmed Combat | 4 5 |  5.5
Transmutations | 3 4 |  4.0
Spellcasting   | 3 |  3.6
Dodging        | 3 |  3.2
Fighting       | |  1.9
Evocations     | |  0.4

Action                   |  1- 3 |  4- 6 |  7- 9 || total
-------------------------+-------+-------+-------++-------
Melee: Unarmed           |    95 |   110 |   100 ||   305
       Constrict         |    34 |    20 |    16 ||    70
       Tentacles         |    13 |    12 |    14 ||    39
       Punch             |     2 |     2 |     3 ||     7
       Kick              |     3 |     7 |    17 ||    27
 Cast: Beastly Appendage |     1 |     5 |     7 ||    13
       Spider Form       |       |     1 |       ||     1
Evoke: Wand              |       |       |     5 ||     5
  Use: Potion            |       |     2 |     1 ||     3
       Scroll            |       |       |     1 ||     1
 Stab: Sleeping          |     6 |    10 |     5 ||    21
  Eat: Chunk             |     3 |     6 |     4 ||    13
Armor: Skin              |     8 |    15 |     5 ||    28
Dodge: Dodged            |    58 |    72 |    52 ||   182
